 Dungeon Crawl Stone Soup version 0.19-a0-1899-g2d93087 (webtiles) character file.

41 Naow the Chucker (level 3, -3/37 HPs)
             Began as an Ogre Hunter on Oct 20, 2016.
             Slain by Sigmund
             ... wielding a +0 scythe
              (11 damage)
             ... on level 2 of the Dungeon.
             The game lasted 00:03:25 (1886 turns).

Naow the Chucker (Ogre Hunter)                      Turns: 1886, Time: 00:03:25

Health: -3/37      AC:  3    Str: 18    XL:     3   Next: 52%
Magic:  3/3        EV: 10    Int: 10    God:
Gold:   78         SH:  0    Dex: 10    Spells: 0 memorised, 2 levels left

rFire  . . .     SeeInvis .     o - +0 club
rCold  . . .     Gourm    .     b - +0 robe
rNeg   . . .     Faith    .     (no shield)
rPois  .         Spirit   .     (helmet restricted)
rElec  .         Reflect  .     (no cloak)
rCorr  .         Harm     .     (gloves unavailable)
MR     .....                    (boots unavailable)
Stlth  +.........               (no amulet)
                                (no ring)
                                (no ring)

@: no status effects
A: unfitting armour, tough skin 1
a: no special abilities


You were on level 2 of the Dungeon.
You were not hungry.

You visited 1 branch of the dungeon, and saw 3 of its levels.

You collected 78 gold pieces.

Inventory:

Hand Weapons
 a - a +0 short sword
 o - a +0 club (weapon)
Missiles
 c - 5 large rocks (quivered)
 d - 2 throwing nets
Armour
 b - a +0 robe (worn)
Scrolls
 i - a scroll of magic mapping {unknown}
 j - 2 scrolls of remove curse {unknown}
 l - a scroll of fear {unknown}
 q - a scroll of identify {unknown}
 r - a scroll of fog {unknown}
Potions
 e - 2 potions of heal wounds {unknown}
 k - a potion of brilliance {unknown}
 n - a potion of degeneration {unknown}
 p - a potion of magic {unknown}
 s - a potion of curing {unknown}
Comestibles
 f - a bread ration
 g - a chunk of flesh
 h - 2 meat rations
 m - 5 fruits


   Skills:
 + Level 3.5 Fighting
 * Level 1.8 Maces & Flails
 + Level 4.2 Throwing
 + Level 2.2 Dodging
 - Level 0.6 Stealth


You had 2 spell levels left.
You didn't know any spells.

Dungeon Overview and Level Annotations

Branches:
Dungeon (3/15)

Altars:
Makhleb
Trog

Annotations:
D:2 Sigmund


Innate Abilities, Weirdness & Mutations

You are too large for most types of armour.
You have tough skin. (AC +1)


Message History

The rat closely misses you. The orc hits you with a flail.
You barely miss the rat.
The rat is severely wounded.
Something hits you! The rat bites you. The orc closely misses you.
You hit the rat but do no damage.
The rat is severely wounded.
The rat closely misses you. Something hits you but does no damage.
The orc hits you with a flail.
* * * LOW HITPOINT WARNING * * *
The rat bites you.
* * * LOW HITPOINT WARNING * * *
You hit the rat.
You kill the rat!
The orc hits you but does no damage. Something completely misses you.
The orc hits you but does no damage.
You hear some strange, mumbled words.
Something tries to affect you, but you resist.
There is a stone staircase leading up here.
The orc barely misses you. Something hits you!
You die...

#.# .). ..# ###.#
####.# .... ..#.#
##.###.######.#.# #
...........##.#.###.#.#
. #................
..#.#.#.##.#.###.####
#.#.#.#.#@o.........#
#.#.#.#.#...#.######
#.#.#.#.#.........#
#...#.#.#.........#
#...#.#.#.#.#######
#...#.#.#.#.# #..>#
..#.#
#.#.#.#####.#######
...#.#..............


You could see an orc.

Vanquished Creatures
  An ooze (D:3)
  2 leopard geckos (D:1)
  2 orcs (D:3)
  A ball python (D:1)
  6 bats
  2 giant cockroaches
  3 goblins
  A hobgoblin (D:1)
  2 quokkas (D:3)
  3 frilled lizards
  7 kobolds
  4 rats
34 creatures vanquished.

Notes
Turn   | Place    | Note
-------+----------+-------------------------------------------
     0 | D:1      | Naow the Ogre Hunter began the quest for the Orb.
     0 | D:1      | Reached XP level 1. HP: 22/22 MP: 1/1
   130 | D:1      | Reached XP level 2. HP: 25/31 MP: 2/2
  1045 | D:2      | Noticed Sigmund
  1149 | D:3      | Reached skill level 1 in Maces & Flails
  1149 | D:3      | Reached XP level 3. HP: 7/37 MP: 3/3
  1470 | D:3      | Found a bloodstained altar of Trog.
  1626 | D:3      | Found a burning altar of Makhleb.
  1886 | D:2      | Slain by Sigmund

Vault maps used:
D:1:      ncdulo_lavacross
D:2:      nrook_loot_triangle, uniq_sigmund
D:3:      old_standard_altar, overflow_temple_1_default

Skill      XL: |  1  2 |
---------------+-------+-----
Dodging        | 2 |  2.2
Fighting       | 3 |  3.5
Maces & Flails | 1 |  1.8
Throwing       | |  4.2
Stealth        | |  0.6

Action                   || total
-------------------------++-------
Melee: Short sword       ||    83
       Club              ||    66
  Eat: Chunk             ||     3
Armor: Robe              ||    52
Dodge: Dodged            ||    97
